 Dungeon Crawl Stone Soup version 0.26-a0-800-g517d6fe721 (webtiles) character file.

Game seed: 4132612635810357114

1342 Murumi the Chucker (level 8, -3/80 HPs)
             Began as an Ogre Conjurer on Nov 11, 2020.
             Slain by an orc warrior
             ... wielding a +0 battleaxe
              (11 damage)
             ... on level 7 of the Dungeon.
             The game lasted 00:23:36 (8806 turns).

Murumi the Chucker (Ogre Conjurer)                  Turns: 8806, Time: 00:23:36

Health: -3/80      AC:  5    Str: 14    XL:     8   Next: 62%
Magic:  2/12       EV: 10    Int: 19    God:
Gold:   401        SH:  0    Dex:  7    Spells: 10/13 levels left

rFire    + + .     SeeInvis .   g - +0 whip (flame)
rCold    . . .     Faith    .   (no shield)
rNeg     . . .     Spirit   .   k - +2 robe {rF+}
rPois    .         Reflect  .   (helmet restricted)
rElec    .         Harm     .   (no cloak)
rCorr    .         Rampage  .   (gloves unavailable)
MR       .....     Rnd*Tele +   (boots unavailable)
Stlth    ++........             e - amulet of magic regeneration
HPRegen  0.23/turn              s - ring of protection from fire
MPRegen  0.38/turn              t - ring of teleportation (curse)

@: no status effects
A: large, unfitting armour, tough skin 1
a: no special abilities


You were on level 7 of the Dungeon.
You visited 2 branches of the dungeon, and saw 8 of its levels.

You collected 401 gold pieces.

Inventory:

Hand Weapons
 b - a +0 giant spiked club
 g - a +0 whip of flaming (weapon)
 h - a +0 dire flail
Missiles
 f - 302 stones (quivered)
 l - 9 boomerangs
 w - 18 poisoned darts
Armour
 k - a +2 robe of fire resistance (worn)
Jewellery
 e - an amulet of magic regeneration (around neck)
 s - a ring of protection from fire (left hand)
 t - a cursed ring of teleportation (right hand)
Wands
 n - a wand of disintegration (13)
 u - a wand of iceblast (8)
 x - a wand of paralysis (9)
Scrolls
 p - 2 scrolls of fog
 r - 2 scrolls of fear
Potions
 a - 4 potions of curing
 c - a potion of haste
 d - a potion of flight
 i - a potion of mutation
 j - 2 potions of degeneration {unknown}
 m - a potion of lignification {unknown}
 o - a potion of attraction {unknown}
 q - a potion of heal wounds {unknown}
 v - 2 potions of brilliance


   Skills:
 - Level 5.0 Fighting
 - Level 5.0 Maces & Flails
 + Level 6.5 Throwing
 - Level 2.0 Dodging
 - Level 2.0 Stealth
 - Level 3.0 Spellcasting
 - Level 4.0 Conjurations
 - Level 1.0 Evocations


You had 10 spell levels left.
You knew the following spells:

 Your Spells              Type           Power        Failure   Level
a - Magic Dart            Conj           ###.         3%          1
b - Searing Ray           Conj           ###...       4%          2

Your spell library contained the following spells:

 Spells                   Type           Power        Failure   Level
 Dazzling Flash           Conj/Hex       ##....       21%         3
 Fulminant Prism          Conj/Hex       ##........   54%         4
 Iskenderun's Mystic Bla  Conj/Tloc      ##......     54%         4


Dungeon Overview and Level Annotations

Branches:
Dungeon (7/15)             Temple (1/1) D:7

Altars:
Ashenzari
Cheibriados
Dithmenos
Elyvilon
Fedhas
Gozag
Hepliaklqana
Kikubaaqudgha
Makhleb
Nemelex Xobeh
Qazlal
Ru
Sif Muna
Uskayaw
Vehumet
Wu Jian
Xom
Yredelemnul
Zin
The Shining One

Shops:
D:6 !


Innate Abilities, Weirdness & Mutations

You are too large for most types of armour.
You have tough skin. (AC +1)


Message History

The orc warrior hits you with a +0 battleaxe!!
The searing ray hits the orc warrior.
The orc warrior is severely wounded.
You finish channeling your searing ray.
You hit the orc warrior but do no damage.
The orc warrior is severely wounded.
The orc warrior barely misses you.
You hit the orc warrior but do no damage.
The orc warrior is severely wounded.
The orc warrior hits you with a +0 battleaxe!!
* * * LOW HITPOINT WARNING * * *
You barely miss the orc warrior.
The orc warrior is severely wounded.
Evoke which item? (* to show all) (? for menu, Esc to quit)
Aiming: Paralyse
Press: ? - help, Shift-Dir - straight line, f/p - orc warrior
Aim: an orc warrior, wielding a +0 battleaxe and wearing a cursed +0 plate armour (severely wounded, chance to defeat MR: 49%)
The orc warrior resists with some effort.
The orc warrior hits you with a +0 battleaxe!
You die...

######## #......# #
#.####.# ...
#.####.# .....#####
..<....# ...).)o@.#
..#...........###.#
.......#.).. #.#
.......# # #.#
§...#### #.# ≈≈§##
#.##### #§§#
#.....# #≈.#
####### #####.#
#§§# #.....# #.#


You could see an orc warrior.

Vanquished Creatures
  Sigmund (D:6)
  An orc warrior (D:7)
  An ogre (D:4)
  A centaur (D:7)
  2 big kobolds (D:7)
  2 scorpions
  A howler monkey (D:5)
  4 hounds
  2 centaur skeletons (D:7)
  2 orc priests
  3 orc wizards
  A bullfrog skeleton (D:4)
  Ijyb (D:4)
  3 worker ants
  5 adders
  3 white imps
  An ufetubus (D:7)
  An ooze (D:4)
  5 worms
  3 dart slugs
  3 leopard geckos
  17 orcs
  7 bats
  4 giant cockroaches
  4 goblins
  8 hobgoblins
  11 jackals
  16 kobolds
  5 frilled lizards
  2 gnoll zombies (D:2)
  A jackal skeleton (D:4)
  6 rats
127 creatures vanquished.

Notes
Turn   | Place    | Note
-------+----------+-------------------------------------------
     0 | D:1      | Murumi the Ogre Conjurer began the quest for the Orb.
     0 | D:1      | Reached XP level 1. HP: 16/16 MP: 3/3
   572 | D:1      | Reached XP level 2. HP: 24/24 MP: 3/6
   576 | D:1      | Learned a level 2 spell: Searing Ray
  1162 | D:1      | Reached XP level 3. HP: 31/31 MP: 4/7
  1322 | D:1      | Reached skill level 1 in Throwing
  1806 | D:2      | Reached skill level 1 in Maces & Flails
  1806 | D:2      | Reached XP level 4. HP: 39/39 MP: 5/8
  1825 | D:2      | Reached skill level 1 in Fighting
  1929 | D:2      | Reached skill level 2 in Throwing
  2289 | D:2      | Found a snail-covered altar of Cheibriados.
  2535 | D:2      | Reached XP level 5. HP: 48/48 MP: 7/9
  2824 | D:2      | Found a basalt altar of Yredelemnul.
  3304 | D:3      | Found an ornate altar of the Wu Jian Council.
  3521 | D:3      | Found a shimmering blue altar of Sif Muna.
  3873 | D:4      | Reached skill level 3 in Throwing
  3888 | D:4      | Reached XP level 6. HP: 31/57 MP: 3/10
  4193 | D:4      | Noticed Ijyb
  4201 | D:4      | Killed Ijyb
  4849 | D:4      | Reached skill level 4 in Throwing
  4849 | D:4      | Reached XP level 7. HP: 67/67 MP: 3/11
  5590 | D:5      | Entered Level 5 of the Dungeon
  5923 | D:5      | Found a hide-covered altar of Uskayaw.
  6740 | D:6      | Noticed Sigmund
  6752 | D:6      | Killed Sigmund
  6752 | D:6      | Reached skill level 1 in Evocations
  6900 | D:6      | Reached skill level 5 in Throwing
  7115 | D:6      | Found Ete Zib's Distillery.
  7584 | D:7      | Found a hazy altar of Hepliaklqana.
  7674 | D:7      | Reached XP level 8. HP: 61/78 MP: 12/12
  7784 | D:7      | Reached skill level 5 in Maces & Flails
  7796 | D:7      | Reached skill level 6 in Throwing
  7843 | D:7      | Reached skill level 5 in Fighting
  8396 | D:7      | Found a staircase to the Ecumenical Temple.
  8401 | Temple   | Entered the Ecumenical Temple
  8806 | D:7      | Slain by an orc warrior

Illustrated notes

Levels and vault maps discovered:
D:1:      minmay_arrival_arboretum_small, layout_loops_ring, st_stairs_1,
          minmay_misc_feat_doors
D:2:      layout_basic, lemuel_zombie_altar_yredelemnul,
          overflow_temple_1_default, minmay_crystal_room,
          hangedman_decor_peaks_small
D:3:      layout_basic, led_sif_pool, lemuel_coloured_pillars_altar
D:4:      layout_layer_cave, minmay_misc_feat_alley, uniq_ijyb
D:5:      layout_layer_cave, lemuel_doored_altar
D:6:      layout_gridville, serial_shops, nicolae_shop_stone, uniq_sigmund
D:7:      layout_loops_cross, kennysheep_mini_moat, minmay_temple_entry_wispy,
          evilmike_ruin_ashenzari
Temple:   dpeg_chambers_temple

Skill      XL: |  1  2  3  4  5  6  7  8 |
---------------+-------------------------+-----
Spellcasting   | 3 |  3.0
Conjurations   | 4 |  4.0
Dodging        | 2 |  2.0
Stealth        | 2 |  2.0
Throwing       | 1 2 3 4 5 6 |  6.5
Maces & Flails | 1 2 3 4 5 |  5.0
Fighting       | 1 2 3 4 5 |  5.0
Evocations     | 1 |  1.0

Action                   |  1- 3 |  4- 6 |  7- 9 || total
-------------------------+-------+-------+-------++-------
Melee: Unarmed           |     2 |       |       ||     2
       Club              |    17 |    12 |       ||    29
       Whip              |       |    24 |    73 ||    97
       Morningstar       |       |       |    20 ||    20
Throw: Stone             |       |    44 |    73 ||   117
       Boomerang         |       |     5 |       ||     5
 Cast: Magic Dart        |    48 |    56 |       ||   104
       Searing Ray       |     5 |    13 |    24 ||    42
Evoke: Wand              |       |       |     2 ||     2
  Use: Scroll            |     3 |     4 |     8 ||    15
       Potion            |       |       |     1 ||     1
 Stab: Paralysed         |       |       |     2 ||     2
Armor: Robe              |     3 |    24 |    46 ||    73
Dodge: Dodged            |    18 |    37 |    87 ||   142

Table legend: (Time is in decaauts)
 A = Elapsed time spent in this place.
 B = Non-inter-level travel time spent in this place.
 C = Inter-level travel time spent in this place.
 D = Time resting spent in this place.
 E = Time spent auto-exploring this place.
 F = Levels seen in this place.
 G = Mean time per level.
                   A        B        C        D        E       F      G
               +--------+--------+--------+--------+--------+-----+--------+
         Total |   8817 |   8199 |    618 |    395 |   6940 |   8 | 1102.1 |
       Dungeon |   8568 |   7971 |    597 |    395 |   6711 |   7 | 1224.0 |
        Temple |    249 |    229 |     20 |      0 |    229 |   1 |  249.0 |
               +--------+--------+--------+--------+--------+-----+--------+

Top non-repeatable levels by time:
     D:4: 1973 daAuts
     D:1: 1586 daAuts
     D:2: 1430 daAuts
     D:5: 1020 daAuts
     D:7: 986 daAuts
     D:6: 896 daAuts
     D:3: 674 daAuts
  Temple: 249 daAuts
